 Dungeon Crawl Stone Soup version 0.28-a0-258-g8de209e91f (webtiles) character file.

Game seed: 15961114953860334882

1 robertstho the Sneak (level 1, -2/10 HPs)
             Began as a Tengu Enchanter on Aug 26, 2021.
             Slain by a kobold (3 damage)
             ... on level 1 of the Dungeon.
             The game lasted 00:01:04 (18 turns).

robertstho the Sneak (Tengu Enchanter)                Turns: 18, Time: 00:01:05

Health: -2/10      AC:  2    Str:  8    XL:     1   Next: 20%
Magic:  4/4        EV: 12    Int: 15    God:
Gold:   0          SH:  0    Dex: 14    Spells: 4/4 levels left

rFire   . . .      SeeInvis .   a - +1 dagger
rCold   . . .      Faith    .   (no shield)
rNeg    . . .      Spirit   .   b - +0 robe
rPois   .          Reflect  .   (helmet restricted)
rElec   .          Harm     .   (no cloak)
rCorr   .          Rampage  .   (no gloves)
Will    .....                   (boots unavailable)
Stlth   ++........              (no amulet)
HPRegen 0.03/turn               (no ring)
MPRegen 0.09/turn               (no ring)

@: no status effects
A: beak, talons 3
a: no special abilities


You were on level 1 of the Dungeon.
You visited 1 branch of the dungeon, and saw 1 of its levels.

Inventory:

Hand Weapons
 a - a +1 dagger (weapon)
Armour
 b - a +0 robe (worn)
Scrolls
 d - a scroll of enchant weapon {unknown}
Potions
 c - a potion of invisibility


   Skills:
 + Level 1.1 Short Blades
 + Level 2.1 Dodging
 + Level 3.0 Stealth
 * Level 2.0 Spellcasting
 + Level 2.2 Hexes


You had 4 spell levels left.
You didn't know any spells.
Your spell library contained the following spells:

 Spells                   Type           Power      Damage    Failure   Level
 Ensorcelled Hibernation  Hex/Ice        8%         N/A       22%         2
 Confusing Touch          Hex            8%         N/A       26%         3
 Tukima's Dance           Hex            8%         N/A       26%         3
 Dazzling Flash           Conj/Hex       8%         N/A       38%         3


Dungeon Overview and Level Annotations

Branches:
Dungeon (1/15)

Altars:


Innate Abilities, Weirdness & Mutations

You have a beak for a mouth.
You have claws for feet.


Message History

Welcome, robertstho the Tengu Enchanter.
Will you prevail where others failed? Will you find the Orb of Zot?
Press ? for a list of commands and other information.
Found a scroll labelled KISYTO UDAACS and 21 stones.
Found a staircase leading out of the dungeon.
You don't know any spells.
Unknown command.
You don't know any spells.
Unknown command.
Okay, then.
d - a scroll labelled KISYTO UDAACS
Found 13 stones.
An endoplasm, a hobgoblin and a kobold come into view.
The hobgoblin shouts!
The kobold shouts!
You hear a shout!
There are monsters nearby!
There are monsters nearby!
There are monsters nearby!
You hit the hobgoblin.
The hobgoblin is lightly wounded.
You hit the hobgoblin but do no damage. You claw the hobgoblin.
The hobgoblin is moderately wounded.
The hobgoblin hits you.
You hit the hobgoblin. You claw the hobgoblin.
You kill the hobgoblin!
The kobold throws a stone.
The stone closely misses you.
You see here a hobgoblin corpse.
A kobold comes into view. It is wielding a +0 whip.
The kobold closely misses you.
You hit the kobold but do no damage. The kobold barely misses you.
You hit the kobold but do no damage. The kobold hits you with a +0 club.
You are too injured to fight recklessly!
You are too injured to fight recklessly!
You are too injured to fight recklessly!
You are too injured to fight recklessly!
You are too injured to fight recklessly!
You barely miss the kobold. The kobold hits you with a +0 club.
* * * LOW HITPOINT WARNING * * *
You closely miss the kobold. Your kick misses the kobold.
Your peck misses the kobold. The kobold hits you with a +0 club.
You die...

......J..
........#
.......(#
.........
........#
#.......#
#.......#
##.#####.### ##
####.#†@KK.....
...##
###...##.####.##.
#...###...####.#
#.......## #.#
###.<.### #.#
#.......# #.#
#...###...# #.#
...## ##...##.#
## ###.


You could see 2 kobolds.

Vanquished Creatures
  A hobgoblin (D:1)
1 creature vanquished.

Notes
Turn   | Place    | Note
-------+----------+-------------------------------------------
     0 | D:1      | robertstho the Tengu Enchanter began the quest for the Orb.
     0 | D:1      | Reached XP level 1. HP: 10/10 MP: 4/4
    18 | D:1      | Slain by a kobold

Illustrated notes

Levels and vault maps discovered:
D:1:      dpeg_arrival_simpleton_a, layout_basic

Action                   || total
-------------------------++-------
Melee: Dagger            ||     7
       Kick              ||     2
Dodge: Dodged            ||     3

Table legend: (Time is in decaauts)
 A = Elapsed time spent in this place.
 B = Non-inter-level travel time spent in this place.
 C = Inter-level travel time spent in this place.
 D = Time resting spent in this place.
 E = Time spent auto-exploring this place.
 F = Levels seen in this place.
 G = Mean time per level.
                   A        B        C        D        E       F      G
               +--------+--------+--------+--------+--------+-----+--------+
         Total |     17 |     17 |      0 |      0 |      7 |   1 |   17.0 |
       Dungeon |     17 |     17 |      0 |      0 |      7 |   1 |   17.0 |
               +--------+--------+--------+--------+--------+-----+--------+

Top non-repeatable levels by time:
     D:1: 17 daAuts
